 Dungeon Crawl Stone Soup version 0.30.1-3-gfc49f6343a (webtiles) character file.

Game seed: 7611001869277746625

227 KaraBoska the Chopper (level 5, -5/47 HPs)
             Began as a Minotaur Berserker on July 22, 2023.
             Was a Believer of Trog.
             Slain by a lemure (7 damage)
             ... led by Pikel
             ... on level 4 of the Dungeon.
             The game lasted 00:10:58 (1520 turns).

KaraBoska the Chopper (Minotaur Berserker)          Turns: 1520, Time: 00:10:59

Health: -5/47      AC:  4    Str: 23    XL:     5   Next: 70%
Magic:  4/4        EV: 12    Int:  4    God:    Trog [**....]
Gold:   209        SH:  0    Dex: 10    Spells: 4/4 levels left

rFire   + . .        i - +0 war axe
rCold   . . .        (no shield)
rNeg    . . .        c - +1 leather armour {rF+}
rPois   .            (helmet restricted)
rElec   .            (no cloak)
rCorr   .            (no gloves)
SInv    .            (no boots)
Will    .....        (no amulet)
Stlth   +            (no ring)
HPRegen 0.27/turn    (no ring)
MPRegen 0.09/turn

%: no passive effects
@: no status effects
A: horns 2, retaliatory headbutt
a: Renounce Religion, Berserk, Trog's Hand


You were on level 4 of the Dungeon.
You worshipped Trog.
Trog was pleased with you.
You visited 1 branch of the dungeon, and saw 4 of its levels.

You collected 209 gold pieces.

Inventory:

Hand Weapons
 a - a +0 hand axe
 i - a +0 war axe (weapon)
 t - a +0 hand axe
 v - a +0 dire flail
Missiles
 d - 6 silver javelins (quivered)
Armour
 b - a +0 animal skin
 c - a +1 leather armour of fire resistance (worn)
 q - a +0 robe
Magical Staves
 m - a staff of death
 y - a staff of fire
Wands
 w - a wand of mindburst (15)
Scrolls
 j - a scroll of enchant weapon {unknown}
 k - a scroll of blinking {unknown}
 l - a scroll of noise {unknown}
 n - a scroll of identify {unknown}
 o - a scroll of amnesia {unknown}
 r - a scroll of enchant armour {unknown}
 s - a scroll of teleportation {unknown}
 u - a scroll of immolation {unknown}
Potions
 f - a potion of heal wounds {unknown}
 g - 3 potions of degeneration {unknown}
 h - a potion of experience {unknown}
 p - a potion of ambrosia {unknown}
 x - a potion of invisibility {unknown}


   Skills:
 + Level 4.6 Fighting
 + Level 6.2 Axes
 + Level 3.4 Armour
 + Level 3.0 Dodging
 + Level 0.4 Stealth


You had 4 spell levels left.
You didn't know any spells.
Your spell library was empty.

Dungeon Overview and Level Annotations

Branches:
Dungeon (4/15)
 Temple: D:4-7

Altars:
Gozag
Nemelex Xobeh

Shops:
D:4 :

Annotations:
D:4 Pikel


Innate Abilities, Weirdness & Mutations

You have a pair of horns on your head.
You reflexively headbutt those who attack you in melee.


Message History

The lemure barely misses you.
You hit the lemure but do no damage.
The lemure is moderately wounded.
You barely miss the lemure.
The lemure hits you but does no damage. x2
You closely miss the lemure. You headbutt the lemure.
The lemure is heavily wounded.
You closely miss the lemure. The lemure hits you but does no damage.
The lemure closely misses you.
You closely miss the lemure.
The lemure is heavily wounded.
You barely miss the lemure. The lemure barely misses you. The lemure hits you.
The lemure hits you but does no damage.
Pikel, Merchant of Souls comes into view.
He is wielding a +1 whip of electrocution.
The lemure hits you!
Pikel shouts!
You hit the lemure but do no damage.
The lemure is heavily wounded.
You slash the lemure!
You hear a shout!
The lemure hits you.
You closely miss Pikel. You barely miss the lemure. The lemure hits you.
You hit Pikel.
Pikel is lightly wounded.
You slash the lemure!
Pikel hits you with a +1 whip of electrocution.
The lemure hits you!
You closely miss Pikel.
Pikel is lightly wounded.
You hit the lemure. Pikel hits you but does no damage.
You are electrocuted!
* * * LOW HITPOINT WARNING * * *
The lemure hits you.
* * * LOW HITPOINT WARNING * * *
You hit Pikel.
Pikel is lightly wounded.
You barely miss the lemure.
Pikel hits you with a +1 whip of electrocution.
* * * LOW HITPOINT WARNING * * *
A goblin comes into view.
It is wielding a +2 dagger of holy wrath.
The lemure hits you!
You die...

#####)#.# #.......#
....# #.###.#.#.# ....
#.#.....#.# )..#
#.#.#.#.#.# ...
#.#.#.#.#.####..#
#.#.#.# #.# ....#
#.#.#.# #.# #5Kg#
####.#.#.# ♣'♣♣♣@♣
.....#...# ♣....5♣
.#########.♣)###.♣
.#.........♣.....♣#...
.#.###.###.'.._..'..#
.#.# #.†...♣.....♣..#
.#.# #)####♣.###.♣..
##.# #.# ♣.....♣ .#
##.# #.# #♣'♣♣♣'♣ ..


You could see Pikel, 2 lemures and a goblin.

Vanquished Creatures
  Sigmund (D:4)
  An iguana (D:4)
  A dart slug (D:4)
  2 orcs
  3 ball pythons
  5 bats
  7 endoplasms
  2 giant cockroaches (D:1)
  7 goblins
  4 hobgoblins
  A quokka (D:3)
  2 frilled lizards
  5 kobolds
  3 rats (D:1)
44 creatures vanquished.

Notes
Turn   | Place    | Note
-------+----------+-------------------------------------------
     0 | D:1      | KaraBoska the Minotaur Berserker began the quest for the
                  | Orb.
     0 | D:1      | Reached XP level 1. HP: 19/19 MP: 0/0
   115 | D:1      | Reached XP level 2. HP: 27/27 MP: 1/1
   145 | D:1      | Reached skill level 4 in Axes
   446 | D:1      | Reached ** piety under Trog
   524 | D:1      | Reached XP level 3. HP: 26/33 MP: 2/2
  1151 | D:3      | Found an opulent altar of Gozag.
  1314 | D:4      | Reached skill level 5 in Axes
  1314 | D:4      | Reached XP level 4. HP: 13/41 MP: 3/3
  1475 | D:4      | Found a sparkling altar of Nemelex Xobeh.
  1475 | D:4      | Found Harph's Book Emporium.
  1496 | D:4      | Noticed Sigmund
  1504 | D:4      | Killed Sigmund
  1505 | D:4      | Reached skill level 6 in Axes
  1505 | D:4      | Reached XP level 5. HP: 41/47 MP: 4/4
  1510 | D:4      | Noticed a lemure
  1511 | D:4      | Noticed a lemure
  1515 | D:4      | Noticed Pikel
  1520 | D:4      | HP: 2/47 [Pikel/+1 whip of electrocution (4)]
  1520 | D:4      | Slain by a lemure

Illustrated notes

Levels and vault maps discovered:
D:1:      elethiomel_arrival_shortcut, layout_basic, minmay_pentomino_q2
D:2:      layout_basic, shapermc_ecumenical_altar_hornbeckon, basic_altar
D:3:      kennysheep_six_static_rooms, layout_basic, nicolae_gozag_seed_capital,
          lemuel_round_altar
D:4:      layout_basic, nzn_hepliaklqana_mist_gate,
          mainiacjoe_overflow_six_doors_small, serial_shops, shop,
          kennysheep_mini_moat, nicolae_shop_rolling_square, shop,
          minmay_hollow_rounded_squares, uniq_edmund, uniq_sigmund, uniq_pikel

Skill      XL: |  1  2  3  4 |
---------------+-------------+-----
Fighting       | 4 |  4.6
Axes           | 4 5 6 |  6.2
Armour         | 3 |  3.4
Dodging        | 3 |  3.0
Stealth        | |  0.4

Action                     |  1- 3 |  4- 6 || total
---------------------------+-------+-------++-------
  Melee: Hand axe          |    14 |       ||    14
         Headbutt          |     4 |     6 ||    10
         War axe           |    53 |    22 ||    75
    Use: Potion            |       |     1 ||     1
 Armour: Leather armour    |    21 |     7 ||    28
  Dodge: Dodged            |    46 |    12 ||    58
